[ AOE2 MATCH · #475086369 ]
UnrankedJapanese vs Tatars
Player's team · LOSS
Rival team · WIN
[ REPLAY ANALYSIS · EXTRACTED FROM THE RECORDED GAME ]
Feudal
8:50
Castle
22:18
Imperial
38:57
| APM avg | 68.5 |
| APM peak | 112 |
| eAPM avg | 33.4 |
| Villagers / military | 172 / 176 |
Focus
⚔️ 34.6% · 🌾 65.4%
Skirmisher ×111 · Cavalry Archer ×42 · Trebuchet (Packed) ×9 · Monk ×6 · Samurai ×4 · Scout Cavalry ×3
Feudal
8:27
Castle
22:02
Imperial
36:51
| APM avg | 96.9 |
| APM peak | 173 |
| eAPM avg | 48.2 |
| Villagers / military | 211 / 269 |
Focus
⚔️ 56.7% · 🌾 43.3%
Scout Cavalry ×135 · Skirmisher ×76 · Cavalry Archer ×25 · Knight ×14 · Trebuchet (Packed) ×12 · Monk ×2
Match map
Initial resources + every placement click. Lines = walls · curves = elevation contours. ◆ gold · ⬟ stone · ● berries · ✦ relic · ◌ wall gap
Your base· Open — unwalled flank
[CL] Inkisidor_'s base· Open — unwalled flank
Smoothed initial terrain · ◌ = detected wall gap · hover for details
Inputs per minute
— HR FabiaN - - [CL] Inkisidor_
Build order — HR FabiaN
First 150 of 605 actions detected
| 0:00 | Create | Villager (Male) |
| 0:00 | Create | Villager (Male) |
| 0:01 | Create | Villager (Male) |
| 0:01 | Build | House |
| 0:02 | Build | House |
| 0:05 | Create | Villager (Male) |
| 1:31 | Create | Villager (Male) |
| 1:42 | Create | Villager (Male) |
| 2:29 | Create | Villager (Male) |
| 2:32 | Create | Villager (Male) |
| 2:35 | Build | Mill |
| 3:13 | Create | Villager (Male) |
| 3:38 | Create | Villager (Male) |
| 3:42 | Create | Villager (Male) |
| 3:42 | Create | Villager (Male) |
| 3:55 | Create | Villager (Male) |
| 3:55 | Create | Villager (Male) |
| 4:09 | Build | House |
| 4:16 | Build | Lumber Camp |
| 4:27 | Create | Villager (Male) |
| 4:39 | Create | Villager (Male) |
| 5:17 | Create | Villager (Male) |
| 6:07 | Research | Loom |
| 6:07 | Research | Loom |
| 6:28 | Research | Feudal Age |
| 6:54 | Build | Palisade Wall |
| 7:50 | Create | Villager (Male) |
| 7:56 | Build | House |
| 8:05 | Build | Barracks |
| 8:36 | Create | Villager (Male) |
| 8:50 | Age | Feudal Age |
| 8:53 | Build | Archery Range |
| 8:56 | Create | Villager (Male) |
| 9:27 | Create | Skirmisher |
| 9:32 | Build | Watch Tower |
| 9:37 | Build | Watch Tower |
| 9:38 | Create | Skirmisher |
| 9:39 | Create | Villager (Male) |
| 9:48 | Build | Palisade Gate |
| 9:56 | Research | Double-Bit Axe |
| 9:56 | Research | Double-Bit Axe |
| 9:56 | Research | Double-Bit Axe |
| 10:01 | Create | Skirmisher |
| 10:02 | Create | Villager (Male) |
| 10:04 | Build | House |
| 10:13 | Create | Skirmisher |
| 10:30 | Build | House |
| 10:36 | Create | Villager (Male) |
| 10:42 | Build | Farm |
| 10:55 | Create | Villager (Male) |
| 11:02 | Build | Mill |
| 11:07 | Create | Villager (Male) |
| 11:26 | Build | Mining Camp |
| 11:35 | Create | Skirmisher |
| 11:38 | Create | Villager (Male) |
| 11:40 | Build | Farm |
| 11:49 | Build | House |
| 11:58 | Build | Palisade Wall |
| 11:59 | Build | Palisade Wall |
| 11:59 | Build | Palisade Wall |
| 11:59 | Build | Palisade Wall |
| 11:59 | Build | Palisade Wall |
| 12:02 | Create | Villager (Male) |
| 12:09 | Create | Skirmisher |
| 12:17 | Build | Watch Tower |
| 12:18 | Create | Skirmisher |
| 12:29 | Build | Palisade Wall |
| 12:30 | Build | Palisade Wall |
| 12:35 | Build | Palisade Wall |
| 12:51 | Create | Skirmisher |
| 12:56 | Build | House |
| 12:59 | Create | Skirmisher |
| 13:01 | Create | Villager (Male) |
| 13:15 | Build | Farm |
| 13:25 | Build | Farm |
| 13:26 | Create | Villager (Male) |
| 13:43 | Build | Farm |
| 13:59 | Build | Blacksmith |
| 14:00 | Create | Villager (Male) |
| 14:03 | Create | Skirmisher |
| 14:18 | Build | Farm |
| 14:20 | Build | Palisade Wall |
| 14:26 | Create | Villager (Male) |
| 14:31 | Build | House |
| 14:33 | Create | Skirmisher |
| 14:42 | Create | Skirmisher |
| 14:56 | Create | Villager (Male) |
| 15:04 | Create | Skirmisher |
| 15:12 | Build | Farm |
| 15:18 | Create | Villager (Male) |
| 15:21 | Build | Farm |
| 15:40 | Create | Villager (Male) |
| 15:41 | Build | Farm |
| 15:49 | Research | Fletching |
| 15:49 | Research | Fletching |
| 15:49 | Research | Fletching |
| 15:51 | Create | Skirmisher |
| 15:54 | Build | Farm |
| 16:15 | Build | Farm |
| 16:17 | Create | Villager (Male) |
| 16:27 | Create | Villager (Male) |
| 16:28 | Create | Skirmisher |
| 16:43 | Build | Watch Tower |
| 16:46 | Research | Town Watch |
| 16:49 | Build | House |
| 16:49 | Build | House |
| 16:55 | Create | Villager (Male) |
| 17:00 | Build | Mining Camp |
| 17:07 | Create | Skirmisher |
| 17:24 | Create | Villager (Male) |
| 17:25 | Build | Farm |
| 17:46 | Build | Farm |
| 18:06 | Create | Villager (Male) |
| 18:45 | Create | Villager (Male) |
| 18:47 | Create | Villager (Male) |
| 19:01 | Create | Villager (Male) |
| 19:05 | Build | Market |
| 19:06 | Build | Lumber Camp |
| 19:11 | Create | Villager (Male) |
| 19:28 | Build | Farm |
| 19:38 | Research | Castle Age |
| 19:48 | Create | Skirmisher |
| 19:53 | Build | Farm |
| 20:01 | Create | Skirmisher |
| 20:30 | Build | Farm |
| 20:33 | Build | Archery Range |
| 20:35 | Create | Skirmisher |
| 20:45 | Research | Padded Archer Armor |
| 20:56 | Create | Spearman |
| 21:08 | Create | Skirmisher |
| 21:18 | Build | Lumber Camp |
| 21:28 | Create | Skirmisher |
| 21:49 | Create | Villager (Male) |
| 22:14 | Build | Farm |
| 22:18 | Age | Castle Age |
| 22:19 | Research | Elite Skirmisher (upgrade) |
| 22:20 | Research | Bodkin Arrow |
| 22:20 | Research | Bodkin Arrow |
| 22:21 | Create | Villager (Male) |
| 22:22 | Build | House |
| 22:32 | Build | House |
| 22:38 | Create | Villager (Male) |
| 22:39 | Build | Farm |
| 23:02 | Create | Villager (Male) |
| 23:06 | Build | Monastery |
| 23:13 | Create | Villager (Male) |
| 23:22 | Build | Town Center |
| 23:24 | Build | Farm |
| 23:26 | Build | Stone Wall |
| 23:33 | Create | Monk |
Build order — [CL] Inkisidor_
First 150 of 760 actions detected
| 0:00 | Create | Villager (Male) |
| 0:00 | Create | Villager (Male) |
| 0:00 | Create | Villager (Male) |
| 0:00 | Create | Villager (Male) |
| 0:01 | Build | House |
| 0:02 | Build | House |
| 1:24 | Create | Villager (Male) |
| 1:47 | Create | Villager (Male) |
| 1:57 | Build | Lumber Camp |
| 2:20 | Create | Villager (Male) |
| 2:49 | Create | Villager (Male) |
| 2:55 | Create | Villager (Male) |
| 3:38 | Build | House |
| 3:41 | Build | House |
| 3:42 | Create | Villager (Male) |
| 3:45 | Create | Villager (Male) |
| 4:02 | Create | Villager (Male) |
| 4:17 | Create | Villager (Male) |
| 5:08 | Create | Villager (Male) |
| 5:18 | Create | Villager (Male) |
| 5:30 | Research | Loom |
| 5:37 | Build | Mining Camp |
| 6:17 | Research | Feudal Age |
| 6:49 | Build | Palisade Wall |
| 7:13 | Build | House |
| 7:36 | Build | Barracks |
| 7:53 | Build | House |
| 8:10 | Build | Palisade Wall |
| 8:21 | Create | Villager (Male) |
| 8:27 | Age | Feudal Age |
| 8:30 | Create | Villager (Male) |
| 8:35 | Build | Archery Range |
| 8:44 | Create | Villager (Male) |
| 9:05 | Create | Villager (Male) |
| 9:19 | Create | Villager (Male) |
| 9:20 | Build | House |
| 9:28 | Create | Archer |
| 9:39 | Create | Archer |
| 9:57 | Create | Villager (Male) |
| 10:13 | Create | Villager (Male) |
| 10:24 | Create | Skirmisher |
| 10:24 | Create | Villager (Male) |
| 10:28 | Build | Mill |
| 10:31 | Create | Villager (Male) |
| 10:59 | Create | Skirmisher |
| 11:27 | Create | Skirmisher |
| 11:31 | Create | Villager (Male) |
| 11:38 | Create | Villager (Male) |
| 11:40 | Build | Farm |
| 11:41 | Build | Farm |
| 11:44 | Build | Farm |
| 11:46 | Build | Farm |
| 11:48 | Build | Farm |
| 11:50 | Build | House |
| 11:59 | Research | Double-Bit Axe |
| 11:59 | Research | Double-Bit Axe |
| 11:59 | Research | Double-Bit Axe |
| 11:59 | Research | Double-Bit Axe |
| 12:13 | Build | Farm |
| 12:15 | Create | Skirmisher |
| 12:19 | Build | Farm |
| 12:26 | Create | Skirmisher |
| 12:41 | Create | Villager (Male) |
| 12:45 | Build | Farm |
| 12:54 | Create | Villager (Male) |
| 12:58 | Build | Farm |
| 13:09 | Create | Villager (Male) |
| 13:14 | Create | Skirmisher |
| 13:19 | Build | Lumber Camp |
| 13:22 | Build | House |
| 13:31 | Create | Villager (Male) |
| 13:56 | Create | Villager (Male) |
| 14:02 | Build | House |
| 14:02 | Create | Villager (Male) |
| 14:04 | Create | Villager (Male) |
| 14:13 | Create | Villager (Male) |
| 14:15 | Create | Villager (Male) |
| 14:26 | Build | Farm |
| 14:26 | Create | Villager (Male) |
| 14:31 | Create | Skirmisher |
| 14:34 | Build | House |
| 14:35 | Build | House |
| 14:37 | Create | Villager (Male) |
| 14:55 | Create | Villager (Male) |
| 15:01 | Build | Farm |
| 15:01 | Create | Villager (Male) |
| 15:12 | Create | Villager (Male) |
| 15:33 | Create | Villager (Male) |
| 15:37 | Build | Blacksmith |
| 15:41 | Create | Skirmisher |
| 15:42 | Create | Villager (Male) |
| 15:51 | Create | Skirmisher |
| 15:58 | Create | Villager (Male) |
| 16:03 | Create | Skirmisher |
| 16:13 | Create | Villager (Male) |
| 16:15 | Create | Villager (Male) |
| 16:20 | Create | Villager (Male) |
| 16:22 | Create | Villager (Male) |
| 16:23 | Build | Farm |
| 16:29 | Create | Villager (Male) |
| 16:32 | Build | Farm |
| 16:44 | Create | Villager (Male) |
| 16:56 | Research | Fletching |
| 16:56 | Research | Fletching |
| 17:06 | Create | Skirmisher |
| 17:10 | Build | Mining Camp |
| 17:12 | Create | Villager (Male) |
| 17:25 | Create | Villager (Male) |
| 17:31 | Build | Farm |
| 17:31 | Create | Villager (Male) |
| 17:47 | Create | Villager (Male) |
| 17:54 | Build | Stable |
| 17:55 | Create | Villager (Male) |
| 18:06 | Build | House |
| 18:06 | Create | Villager (Male) |
| 18:11 | Create | Villager (Male) |
| 18:36 | Create | Villager (Male) |
| 18:46 | Build | Farm |
| 18:46 | Create | Villager (Male) |
| 18:58 | Create | Villager (Male) |
| 19:07 | Build | Farm |
| 19:20 | Research | Castle Age |
| 19:25 | Create | Scout Cavalry |
| 19:25 | Create | Scout Cavalry |
| 19:25 | Create | Scout Cavalry |
| 19:25 | Create | Scout Cavalry |
| 19:37 | Research | Scale Barding Armor |
| 19:41 | Build | Farm |
| 19:44 | Build | Farm |
| 19:55 | Create | Scout Cavalry |
| 20:15 | Create | Villager (Male) |
| 20:23 | Create | Villager (Male) |
| 20:31 | Create | Villager (Male) |
| 20:37 | Create | Scout Cavalry |
| 21:06 | Create | Scout Cavalry |
| 21:09 | Create | Villager (Male) |
| 21:19 | Create | Villager (Male) |
| 21:29 | Create | Villager (Male) |
| 21:34 | Build | Farm |
| 21:34 | Build | Farm |
| 21:35 | Build | Farm |
| 21:36 | Build | Farm |
| 21:36 | Research | Horse Collar |
| 21:36 | Research | Horse Collar |
| 21:36 | Research | Horse Collar |
| 21:36 | Research | Horse Collar |
| 21:38 | Build | Farm |
| 21:56 | Create | Villager (Male) |
| 22:02 | Age | Castle Age |
| 22:04 | Create | Knight |
Match timeline
| 6:49 | [CL] Inkisidor_ · wall_segment Palisade Wall x4 |
| 6:54 | HR FabiaN · wall_segment Palisade Wall x1 |
| 7:36 | [CL] Inkisidor_ · first_building Barracks |
| 8:05 | HR FabiaN · first_building Barracks |
| 8:10 | [CL] Inkisidor_ · wall_segment Palisade Wall x6 |
| 8:27 | [CL] Inkisidor_ · age_up feudal |
| 8:35 | [CL] Inkisidor_ · first_building Archery Range |
| 8:50 | HR FabiaN · age_up feudal |
| 8:53 | HR FabiaN · first_building Archery Range |
| 11:58 | HR FabiaN · wall_segment Palisade Wall x1 |
| 11:59 | HR FabiaN · wall_segment Palisade Wall x1 |
| 11:59 | HR FabiaN · wall_segment Palisade Wall x1 |
| 11:59 | HR FabiaN · wall_segment Palisade Wall x2 |
| 11:59 | HR FabiaN · wall_segment Palisade Wall x3 |
| 12:29 | HR FabiaN · wall_segment Palisade Wall x6 |
| 12:30 | HR FabiaN · wall_segment Palisade Wall x5 |
| 12:35 | HR FabiaN · wall_segment Palisade Wall x20 |
| 14:20 | HR FabiaN · wall_segment Palisade Wall x6 |
| 17:54 | [CL] Inkisidor_ · first_building Stable |
| 22:02 | [CL] Inkisidor_ · age_up castle |
| 22:18 | HR FabiaN · age_up castle |
| 23:06 | HR FabiaN · first_building Monastery |
| 23:26 | HR FabiaN · wall_segment Stone Wall x1 |
| 26:07 | HR FabiaN · first_market_buy 100 food |
| 26:10 | [CL] Inkisidor_ · first_building Monastery |
| 26:40 | HR FabiaN · wall_segment Stone Wall x1 |
| 26:41 | HR FabiaN · wall_segment Stone Wall x1 |
| 26:43 | HR FabiaN · wall_segment Stone Wall x1 |
| 26:44 | HR FabiaN · wall_segment Stone Wall x1 |
| 26:45 | HR FabiaN · wall_segment Stone Wall x1 |
| 26:45 | HR FabiaN · wall_segment Stone Wall x1 |
| 27:37 | HR FabiaN · wall_segment Palisade Wall x1 |
| 30:11 | [CL] Inkisidor_ · first_building Siege Workshop |
| 30:12 | HR FabiaN · first_building Stable |
| 31:56 | HR FabiaN · wall_segment Stone Wall x1 |
| 32:22 | HR FabiaN · first_market_sell 100 stone |
| 33:36 | [CL] Inkisidor_ · first_market_sell 500 wood |
| 33:53 | [CL] Inkisidor_ · first_building Castle |
| 35:11 | HR FabiaN · wall_segment Stone Wall x25 |
| 36:14 | HR FabiaN · first_building Castle |
| 36:51 | [CL] Inkisidor_ · age_up imperial |
| 38:11 | HR FabiaN · wall_segment Stone Wall x1 |
| 38:57 | HR FabiaN · age_up imperial |
| 44:00 | HR FabiaN · wall_segment Stone Wall x14 |
| 44:03 | HR FabiaN · wall_segment Stone Wall x7 |
| 44:04 | [CL] Inkisidor_ · first_market_buy 100 wood |
| 44:10 | HR FabiaN · wall_segment Stone Wall x1 |
| 44:13 | HR FabiaN · wall_segment Stone Wall x17 |
| 44:56 | HR FabiaN · wall_segment Stone Wall x4 |
| 49:58 | HR FabiaN · resign |
[ AI ANALYSIS · 1 CREDIT ]
What really happened in this match?
Wolo.gg analyzes every decision: build order, eco, micro, common mistakes by bracket. Personalized analysis on WhatsApp or Discord in 30 seconds.
Civ guide
Japanese
Perfil
Jugador #211236